 Dungeon Crawl Stone Soup version 0.22-a0-467-g5c5de1cb09 (webtiles) character file.

230092 Deemzul the Severer (level 19, -7/153 HPs)
             Began as a Demonspawn Fighter on June 10, 2018.
             Was the Champion of Dithmenos.
             Mangled by the 19-headed Lernaean hydra (12 damage)
             ... on level 4 of the Swamp.
             The game lasted 01:19:22 (40873 turns).

Deemzul the Severer (Demonspawn Fighter)           Turns: 40873, Time: 01:19:23

Health: -7/153     AC: 22    Str: 33    XL:     19   Next: 11%
Magic:  0/27       EV: 20    Int: 11    God:    Dithmenos [******]
Gold:   3233       SH: 23    Dex: 18    Spells: 18/18 levels left

rFire    + + .     SeeInvis .   c - +1 scimitar (flame)
rCold    + . .     Gourm    +   x - +2 large shield
rNeg     . . .     Faith    .   T - +6 scale mail of the Flute {rF+ Str+3 Dex+5}
rPois    .         Spirit   +   k - +2 hat
rElec    .         Reflect  .   D - +2 cloak
rCorr    .         Harm     .   (gloves unavailable)
MR       .....                  V - +0 pair of boots
Stlth    +++++.....             A - amulet "Wujes" {Gourm MR- Str+9 Slay+2}
HPRegen  0.35/turn              J - +3 ring of evasion
MPRegen  0.40/turn              m - ring of protection from cold

@: about to teleport, wreathed by umbra
A: antennae 1, claws 3, clumsy 1, fire resistance 1, mutation resistance 1,
powered by pain 2, magic shield, magic regeneration, sturdy frame 3
a: Shadow Step, Shadow Form, Renounce Religion


You were on level 4 of the Swamp.
You worshipped Dithmenos.
Dithmenos was exalted by your worship.
You were not hungry.

You visited 8 branches of the dungeon, and saw 34 of its levels.
You visited the Abyss 2 times.
You also visited: Sewer and Ossuary.

You collected 3996 gold pieces.
You spent 763 gold pieces at shops.

Inventory:

Hand Weapons
 c - a +1 scimitar of flaming (weapon)
 s - the +6 flail "Xuetebb" {freeze, +Blink Int+3 SInv}
   (You found it on level 4 of the Dungeon)

   It has been specially enchanted to freeze those struck by it, causing extra
   injury to most foes and up to half again as much damage against particularly
   susceptible opponents.
   It can also slow down cold-blooded creatures.
   It affects your intelligence (+3).
   It lets you see invisible.
   It lets you blink.
 S - the +6 broad axe "Peteadd" {freeze, MR+ SInv Stlth-}
   (Okawaru gifted it to you on level 1 of the Orcish Mines)

   It has been specially enchanted to freeze those struck by it, causing extra
   injury to most foes and up to half again as much damage against particularly
   susceptible opponents.
   It can also slow down cold-blooded creatures.
   It affects your resistance to hostile enchantments.
   It lets you see invisible.
   It makes you less stealthy.
Missiles
 M - 8 steel javelins (quivered)
Armour
 a - a +2 shield
 k - a +2 hat (worn)
 x - a +2 large shield (worn)
 D - a +2 cloak (worn)
 K - +0 fire dragon scales
 T - the +6 scale mail of the Flute (worn) {rF+ Str+3 Dex+5}
   (You took it off Rupert on level 4 of the Lair of Beasts)

   It affects your strength (+3).
   It affects your dexterity (+5).
   It protects you from fire.
 V - a +0 pair of boots (worn)
 W - a +1 helmet
Jewellery
 m - a ring of protection from cold (right claw)
 A - the amulet "Wujes" (around neck) {Gourm MR- Str+9 Slay+2}
   (You bought it in a shop on level 2 of the Depths)

   [amulet of the gourmand]

   It allows you to eat raw meat even when not hungry.
   It affects your strength (+9).
   It affects your accuracy and damage with ranged weapons and melee attacks
   (+2).
   It affects your resistance to hostile enchantments.
 E - a +3 ring of protection {unknown}
 J - a +3 ring of evasion (left claw)
 Q - the amulet "Kekeco" {Gourm rPois}
   (You acquired it on level 1 of the Elven Halls)

   [amulet of the gourmand]

   It allows you to eat raw meat even when not hungry.
   It protects you from poison.
Wands
 e - a wand of iceblast (11)
 t - a wand of enslavement (7)
 y - a wand of polymorph (60)
 B - a wand of digging (32)
 H - a wand of disintegration (25)
 I - a wand of clouds (4)
 L - a wand of flame (118)
 U - a wand of paralysis (11)
 Y - a wand of random effects (78)
 Z - a wand of acid (13)
Scrolls
 b - a scroll of torment
 g - 14 scrolls of remove curse
 h - 6 scrolls of magic mapping
 p - 3 scrolls of fog
 q - 11 scrolls of teleportation
 u - 4 scrolls of immolation
 v - 7 scrolls of enchant armour
 z - 4 scrolls of vulnerability
 C - 8 scrolls of amnesia
 F - 3 scrolls of holy word
 P - 5 scrolls of enchant weapon
 R - 6 scrolls of fear
 X - 4 scrolls of identify
Potions
 d - 5 potions of might
 j - 2 potions of lignification
 l - a potion of agility
 n - 4 potions of mutation
 o - 2 potions of flight
 r - a potion of resistance
 G - 3 potions of cancellation {unknown}
 N - 3 potions of brilliance
Miscellaneous
 w - a lamp of fire (inert)
Comestibles
 f - 43 rations


   Skills:
 * Level 14.5 Fighting
 + Level 0.5 Long Blades
 * Level 16.8(17.3) Axes
 - Level 7.5(13.3) Maces & Flails
 + Level 12.6 Armour
 + Level 10.9 Dodging
 + Level 8.6 Stealth
 + Level 12.6 Shields
 - Level 11.8 Invocations
 + Level 0.0 Evocations


You had 18 spell levels left.
You didn't know any spells.
Your spell library contained the following spells:

 Spells                   Type           Power        Failure   Level  Hunger
 Cause Fear               Hex            #.........   100%        4    #####..
 Magic Dart               Conj           #...         88%         1    ##.....
 Bolt of Magma            Conj/Fire/Erth #.........   100%        5    ######.
 Slow                     Hex            #.......     96%         2    ###....
 Confuse                  Hex            #.......     99%         3    ####...
 Throw Flame              Conj/Fire      #.....       96%         2    ###....
 Throw Frost              Conj/Ice       #.....       96%         2    ###....
 Freezing Cloud           Conj/Ice/Air   #.........   100%        6    #######
 Teleport Other           Tloc           #.......     99%         3    ####...
 Blink                    Tloc           N/A          96%         2    ###....
 Iskenderun's Mystic Bla  Conj           #.......     100%        4    #####..
 Freeze                   Ice            #...         88%         1    ##.....
 Summon Ice Beast         Ice/Summ       #.......     100%        4    #####..
 Ozocubu's Armour         Chrm/Ice       #.......     99%         3    ####...
 Tukima's Dance           Hex            #.......     99%         3    ####...
 Corpse Rot               Necr           N/A          96%         2    ###....
 Iron Shot                Conj/Erth      #.........   100%        6    #######
 Stone Arrow              Conj/Erth      #.....       99%         3    ####...
 Swiftness                Chrm/Air       #.......     96%         2    ###....
 Statue Form              Tmut/Erth      #........    100%        6    #######
 Throw Icicle             Conj/Ice       #.......     100%        4    #####..
 Airstrike                Air            #.........   100%        4    #####..
 Flame Tongue             Conj/Fire      #....        88%         1    ##.....
 Ignite Poison            Fire/Tmut/Pois #.......     99%         3    ####...
 Ensorcelled Hibernation  Hex/Ice        #.....       96%         2    ###....
 Shatter                  Erth           #.........   100%        9    #######
 Corona                   Hex            #......      88%         1    ##.....
 Portal Projectile        Hex/Tloc       #.....       99%         3    ####...
 Passage of Golubria      Tloc           N/A          100%        4    #####..
 Tornado                  Air            #.........   100%        9    #######
 Leda's Liquefaction      Hex/Erth       #.........   100%        4    #####..
 Summon Hydra             Summ           #.........   100%        7    #######
 Shroud of Golubria       Chrm/Tloc      #.........   96%         2    ###....
 Inner Flame              Hex/Fire       #.......     99%         3    ####...
 Fulminant Prism          Conj/Hex       #.........   100%        4    #####..
 Dazzling Spray           Conj/Hex       #.....       99%         3    ####...
 Force Lance              Conj/Tloc      #.......     100%        4    #####..
 Searing Ray              Conj           #.....       96%         2    ###....
 Summon Forest            Summ/Tloc      #.........   100%        5    ######.
 Hydra Form               Tmut           #.........   100%        6    #######
 Gell's Gravitas          Tloc           #.........   99%         3    ####...
 Lesser Beckoning         Tloc           #.........   99%         3    ####...
 Poisonous Vapours        Pois/Air       #.....       96%         2    ###....


Dungeon Overview and Level Annotations

Branches:
Dungeon (15/15)            Temple (1/1) D:7            Lair (6/6) D:11
  Swamp (4/4) Lair:2        Snake (2/4) Lair:2        Slime (0/5) Lair:6
    Orc (2/2) D:9             Elf (1/3) Orc:2        Vaults (0/5) D:14
 Depths (3/5) D:15

Altars:
Cheibriados
Dithmenos
Elyvilon
Kikubaaqudgha
Makhleb
Nemelex Xobeh
Okawaru
Qazlal
Ru
Trog
Uskayaw
Vehumet
Wu Jian
Xom
Zin
Beogh

Shops:
D:4 =??}%   D:12 [   D:14 %   Orc:2 (%([[   Depths:2 }=}

Portals:
Hell: Depths:1 Depths:2
Pandemonium: Depths:2 Depths:3
Ziggurat: Depths:3

Annotations:
Swamp:4 Lernaean hydra
Snake:2 Vashnia
Depths:3 Nikola


Innate Abilities, Weirdness & Mutations

You have claws for hands.
Your flesh is heat resistant. (rF+)
You sometimes gain power by taking damage.
When hurt, damage is shared between your health and your magic reserves.
You regenerate magic rapidly.
Your movements are significantly less encumbered by armour. (ER -6)
You have a pair of small antennae on your head.
You are clumsy. (Dex -2)
You are somewhat resistant to further mutation.


Message History

The 19-headed Lernaean hydra closely misses you.
The 19-headed Lernaean hydra bites you!
* * * LOW HITPOINT WARNING * * *
The 19-headed Lernaean hydra bites you but does no damage. x2
The 19-headed Lernaean hydra bites you!
* * * LOW HITPOINT WARNING * * *
The 19-headed Lernaean hydra bites you but does no damage.
You block the 19-headed Lernaean hydra's attack. x2
The 19-headed Lernaean hydra bites you.
* * * LOW HITPOINT WARNING * * *
The 19-headed Lernaean hydra completely misses you.
The 19-headed Lernaean hydra barely misses you.
The 19-headed Lernaean hydra closely misses you.
The 19-headed Lernaean hydra bites you.
* * * LOW HITPOINT WARNING * * *
The 19-headed Lernaean hydra bites you.
* * * LOW HITPOINT WARNING * * *
The 19-headed Lernaean hydra bites you but does no damage.
The 19-headed Lernaean hydra bites you!
You die...

.≈♣ ♣♣♣≈♣≈.≈≈≈≈≈≈≈≈...≈≈♣♣≈...≈
≈≈♣ ..♣♣♣≈≈.≈≈..♣.≈≈.≈♣♣♣.≈.. .≈♣
♣♣♣≈≈.♣♣♣≈≈.≈.≈..≈.≈♣♣≈ ♣.≈≈≈
§.♣♣♣≈.≈≈≈..§..≈§...≈..≈♣ ♣≈.≈≈≈
≈≈...≈≈≈≈≈≈≈..≈≈≈≈≈≈..≈.. ♣♣≈≈≈≈≈
≈≈.≈≈≈≈≈≈≈..≈≈≈≈≈≈≈≈≈..≈≈.♣≈♣.≈≈≈
...≈≈≈≈≈≈≈.≈≈≈≈≈≈≈≈≈≈....♣♣≈≈♣≈≈§
≈≈.≈≈≈≈≈..≈≈≈≈≈D..≈≈≈≈≈.≈≈≈..≈..≈
≈≈♣♣.≈§≈≈.§≈≈≈≈.@≈≈≈≈≈≈≈≈≈≈≈≈≈≈..
≈.♣♣...≈....≈≈≈≈.≈≈≈≈≈≈≈≈≈.≈≈...≈
≈≈.≈...≈§.≈.≈≈≈≈≈≈≈≈≈..≈≈≈≈.≈≈.≈#
≈≈..≈≈.≈...[.≈≈≈≈≈≈≈≈...≈..♣♣≈...
.§≈≈≈§≈§♣....≈≈≈≈≈≈≈.....≈♣♣♣♣..♣
≈.≈≈≈D♣♣♣♣♣§≈...≈.....≈..♣♣ ♣#♣♣
♣....♣♣ ♣♣...♣♣≈≈.≈≈...♣ ♣
♣..≈♣≈♣ ♣♣♣♣≈♣♣..≈.≈...♣ ≈.<♣♣♣♣
♣♣♣♣♣♣≈♣≈≈≈≈.


You could see the 19-headed Lernaean hydra.

Vanquished Creatures
  Rupert (Lair:4)
  A lich (Depths:3)
  2 deep elf blademasters (D:15)
  3 titans
  2 deep elf master archers
  Agnes (D:15)
  2 thorn hunters
  A tengu reaver (Depths:2)
  A shadow dragon (Depths:2)
  6 fire giants
  7 frost giants
  Louise (Swamp:1)
  2 orc warlords
  A balrug (Depths:1)
  12 very ugly things
  14 stone giants
  Azrael (D:12)
  Nessos (D:12)
  2 deep elf annihilators
  9 ettins
  3 merfolk javelineers
  Snorg (Orc:1)
  A deep elf high priest (Elf:1)
  Erolcha (D:9)
  4 yaktaur captains
  2 fire dragons
  4 merfolk impalers
  A great orb of eyes (Depths:2)
  A deep elf death mage (Elf:1)
  Fannar (D:10)
  20 hydras
  A ghost crab (Swamp:3)
  Harold (D:11)
  3 ice dragons
  5 naga warriors
  4 anacondas
  An ogre mage (Depths:1)
  9 centaur warriors
  3 dancing weapons
  12 two-headed ogres
  10 alligators
  9 tengu warriors
  2 deep troll shamans (Depths:3)
  An orc high priest (Orc:1)
  A shock serpent (shapeshifter) (Depths:1)
  3 deep troll earth magi
  4 thrashing horrors (Abyss:3)
  3 sun demons
  3 shock serpents
  Sonja (Lair:4)
  5 naga sharpshooters
  A spriggan berserker (Depths:3)
  11 deep elf knights
  Urug (D:12)
  A wretched star (Abyss:3)
  2 sea snakes (Snake:2)
  A salamander mystic (Snake:1)
  2 unseen horrors
  A spriggan druid (Swamp:3)
  8 deep elf archers
  2 wizards
  14 deep trolls
  14 swamp dragons
  A naga ritualist (Snake:2)
  2 lindwurms (Lair:6)
  A shambling mangrove (Swamp:1)
  32 deep elf magi
  3 large abominations (Abyss:3)
  A wolf spider (Lair:6)
  21 ugly things
  13 orc knights
  4 orc sorcerers
  2 mana vipers (Snake:1)
  A manticore (D:14)
  5 salamanders
  6 elephants (Lair:4)
  15 cyclopes
  Maurice (D:10)
  Joseph (D:9)
  A guardian serpent (Lair:6)
  4 naga magi
  5 torpor snails (Lair:6)
  25 spiny frogs
  2 smoke demons (Abyss:3)
  A gargoyle (D:15)
  31 black mambas
  A rime drake (shapeshifter) (D:15)
  6 rime drakes
  4 centaur skeletons
  A kobold demonologist (D:14)
  8 komodo dragons
  2 ancient zymes (Abyss:3)
  4 tengu conjurers
  A freezing wraith (D:15)
  13 yaktaurs
  An efreet (D:15)
  A meliai (shapeshifter) (D:13)
  4 red devils (D:14)
  7 trolls
  16 hornets
  11 slime creatures
  13 tyrant leeches
  A hornet (shapeshifter) (Depths:1)
  A polar bear (Lair:4)
  5 bog bodies (Swamp:1)
  10 merfolk
  A raiju (Abyss:3)
  Prince Ribbit (D:9)
  6 hippogriffs
  10 dream sheep (Lair:5)
  3 shadows
  2 redbacks (Lair:6)
  A wraith (D:15)
  5 spriggans
  A ynoxinul (Abyss:3)
  2 water elementals
  2 air elementals
  16 humans (D:14)
  13 wyverns
  5 basilisks
  3 fire bats (Abyss:3)
  3 hungry ghosts
  Eustachio (D:6)
  A golden eye (Abyss:3)
  38 yaks
  The ghost of levstk the Vexing, an amateur FeEn (D:5)
  The ghost of Deemzul the Skirmisher, an amateur DsFi (D:4)
  12 vampire mosquitoes
  2 neqoxecs (Abyss:3)
  10 wargs
  A naga (shapeshifter) (Depths:1)
  14 nagas
  18 swamp worms
  17 water moccasins
  10 insubstantial wisps (Swamp:1)
  A water moccasin (shapeshifter) (Depths:1)
  The ghost of NoiZ the Magician, an amateur DEWz (D:3)
  8 hell hounds
  6 porcupines
  12 swamp drakes
  4 phantoms
  9 sky beasts
  A black bear (D:8)
  A hornet zombie (D:7)
  12 ogres
  43 orc warriors
  3 ice beasts
  A tengu (shapeshifter) (Depths:1)
  5 boggarts (Depths:3)
  A necrophage (D:15)
  7 wolves
  An eye of draining (D:13)
  22 centaurs
  14 crocodiles
  3 elf zombies (Ossuary)
  14 bullfrogs
  3 big kobolds
  A wyvern zombie (D:9)
  An earth elemental (Elf:1)
  A wyvern skeleton (D:10)
  7 scorpions
  4 killer bees (D:12)
  3 wights (D:7)
  2 howler monkeys
  2 bullfrog zombies
  17 starcursed masses (Abyss:3)
  5 centaur zombies
  3 quasits
  6 crimson imps
  5 bullfrog skeletons
  9 hounds
  12 jellies
  8 orc priests
  14 orc wizards
  12 iguanas
  Jessica (D:2)
  11 worker ants
  3 small abominations (Abyss:3)
  2 big kobold zombies (Ossuary)
  A hound zombie (Ossuary)
  4 mummies (Ossuary)
  2 howler monkey zombies (D:10)
  A worker ant zombie (D:7)
  13 adders
  5 river rats
  6 shadow imps
  12 oozes
  An adder zombie (D:5)
  An adder skeleton (D:8)
  5 worms
  A dart slug (D:3)
  4 leopard geckos
  89 orcs
  A ball python (D:2)
  13 giant cockroaches
  2 gnoll zombies (Ossuary)
  8 goblins
  2 hobgoblins (D:2)
  13 jackals
  4 quokkas
  5 bats
  3 frilled lizards
  2 goblin zombies (Ossuary)
  A jackal skeleton (D:8)
  A jackal zombie (Ossuary)
  19 kobolds
  A quokka skeleton (D:8)
  10 rats
  A rat zombie (Ossuary)
  2 fungi
  9 plants (Lair:6)
  A starspawn tentacle (Abyss:3)
1280 creatures vanquished.

Vanquished Creatures (collateral kills)
  A deep elf blademaster (Lair:5)
1 creature vanquished.

Vanquished Creatures (others)
  A minotaur (Swamp:2)
  An alligator (Swamp:2)
  A deep troll earth mage (Depths:2)
  4 deep trolls (Depths:2)
  A raiju (Abyss:3)
  A ynoxinul (Abyss:3)
  A redback (shapeshifter) (Elf:1)
  A naga (Snake:1)
  A large abomination (Abyss:3)
  An iguana (Lair:2)
  An orc wizard (D:5)
  2 briar patches (Swamp:3)
  26 fungi
  49 plants
  5 starspawn tentacles (Abyss:3)
96 creatures vanquished.

Grand Total: 1377 creatures vanquished

Notes
Turn   | Place    | Note
-------+----------+-------------------------------------------
     0 | D:1      | Deemzul the Demonspawn Fighter began the quest for the Orb.
     0 | D:1      | Reached XP level 1. HP: 18/18 MP: 1/1
   220 | D:1      | Reached skill level 2 in Axes
   817 | D:2      | Gained mutation: You sometimes gain a little power by taking damage. [demonic ancestry]
   817 | D:2      | Reached XP level 2. HP: 22/24 MP: 2/2
   950 | D:2      | Noticed an ogre
  1329 | D:3      | Noticed NoiZ's ghost (amateur DEWz)
  1337 | D:4      | Noticed a scorpion
  1345 | D:4      | Killed a scorpion
  1345 | D:4      | Gained mutation: You have sharp fingernails. [demonic ancestry]
  1345 | D:4      | Reached XP level 3. HP: 17/29 MP: 3/3
  1345 | D:4      | Gained mutation: When hurt, damage is shared between your health and your magic reserves. [demonic ancestry]
  1345 | D:4      | Reached XP level 4. HP: 20/35 MP: 4/4
  1351 | D:4      | Found a white marble altar of Elyvilon.
  1359 | D:4      | Reached skill level 3 in Axes
  1382 | D:4      | Found Jiruk's Magic Scroll Boutique.
  1524 | D:4      | Got a fine flail
  1528 | D:4      | Identified the +6 flail "Xuetebb" {freeze, +Blink Int+3 SInv} (You found it on level 4 of the Dungeon)
  1530 | D:4      | Bought a scroll of teleportation for 42 gold pieces
  1534 | D:4      | Found Viliseat's Jewellery Boutique.
  1576 | D:4      | Gained mutation: Your movements are slightly less encumbered by armour. (ER -2) [demonic ancestry]
  1576 | D:4      | Reached XP level 5. HP: 27/42 MP: 2/5
  1791 | D:4      | Noticed Deemzul's ghost (amateur DsFi)
  1799 | D:4      | Killed Deemzul's ghost
  1799 | D:4      | Reached skill level 1 in Maces & Flails
  1799 | D:4      | Gained mutation: You have very sharp fingernails. [demonic ancestry]
  1799 | D:4      | Reached XP level 6. HP: 28/48 MP: 3/6
  1891 | D:4      | Found Jekkouc's Food Emporium.
  1946 | D:4      | Found a hide-covered altar of Uskayaw.
  1963 | D:4      | Reached skill level 4 in Axes
  2148 | D:3      | Gained mutation: You sometimes gain power by taking damage. [demonic ancestry]
  2148 | D:3      | Reached XP level 7. HP: 42/55 MP: 5/7
  2496 | D:3      | Killed NoiZ's ghost
  2929 | D:4      | Found a sacrificial altar of Ru.
  2942 | D:4      | Found an ancient bone altar of Kikubaaqudgha.
  3064 | D:4      | Found Vilimp's Gadget Shoppe.
  3075 | D:5      | Entered Level 5 of the Dungeon
  3083 | D:5      | Got a pair of spiked gloves
  3089 | D:5      | Identified the +2 pair of gloves "Wastubbe" {rN+ rCorr Str+2} (You found it on level 5 of the Dungeon)
  3127 | D:5      | Reached skill level 5 in Axes
  3214 | D:5      | Gained mutation: You regenerate magic rapidly. [demonic ancestry]
  3214 | D:5      | Reached XP level 8. HP: 55/61 MP: 8/8
  3233 | D:5      | Found a glowing drain.
  3250 | Sewer    | Entered a sewer
  3409 | Sewer    | Reached skill level 5 in Fighting
  3750 | D:5      | Got an uncursed shimmering rapier {antimagic}
  3890 | D:5      | Noticed levstk's ghost (amateur FeEn)
  3898 | D:5      | Identified the +7 rapier of Janamm {antimagic, *Corrode +Blink Stlth+} (You took it off a centaur on level 5 of the Dungeon)
  3912 | D:6      | Noticed Eustachio
  3939 | D:6      | Killed Eustachio
  4080 | D:6      | Reached skill level 6 in Axes
  4174 | D:6      | Found a sand-covered staircase.
  4253 | Ossuary  | Entered an ossuary
  4269 | Ossuary  | Reached skill level 5 in Armour
  4280 | Ossuary  | Reached skill level 5 in Shields
  4504 | Ossuary  | Reached XP level 9. HP: 62/69 MP: 9/9
  5205 | D:7      | Reached skill level 7 in Axes
  5280 | D:7      | Found a staircase to the Ecumenical Temple.
  5313 | Temple   | Entered the Ecumenical Temple
  5317 | Temple   | Became a worshipper of Warmaster Okawaru
  5473 | D:7      | Found a shadowy altar of Dithmenos.
  5605 | D:5      | Reached skill level 1 in Invocations
  6006 | D:2      | Found a sparkling altar of Nemelex Xobeh.
  6267 | D:2      | Noticed Jessica
  6270 | D:2      | Killed Jessica
  6283 | D:2      | Found a radiant altar of Vehumet.
  6685 | D:4      | Found Zinor's Magic Scroll Emporium.
  6855 | D:5      | Killed levstk's ghost
  6855 | D:5      | Reached skill level 8 in Axes
  6855 | D:5      | Reached XP level 10. HP: 77/77 MP: 11/11
  7000 | D:5      | Reached * piety under Okawaru
  7996 | D:8      | Got a polished ring mail
  8007 | D:8      | Identified the cursed +0 ring mail of Tulips {rF+ Str+3 Int+2 Stlth-} (You found it on level 8 of the Dungeon)
  8042 | D:8      | Noticed a two-headed ogre
  8051 | D:8      | Killed a two-headed ogre
  8054 | D:8      | Reached skill level 5 in Maces & Flails
  8060 | D:8      | Found a snail-covered altar of Cheibriados.
  8714 | D:9      | Noticed a two-headed ogre
  8722 | D:9      | Killed a two-headed ogre
  8722 | D:9      | Reached ** piety under Okawaru
  8824 | D:9      | Noticed Erolcha
  8838 | D:9      | Killed Erolcha
  8838 | D:9      | Reached *** piety under Okawaru
  8838 | D:9      | Reached skill level 9 in Axes
  8899 | D:9      | Noticed Prince Ribbit
  8902 | D:9      | Found a staircase to the Orcish Mines.
  8906 | D:9      | Killed Prince Ribbit
  8941 | Orc:1    | Entered Level 1 of the Orcish Mines
  9049 | Orc:1    | Noticed a two-headed ogre
  9061 | Orc:1    | Killed a two-headed ogre
  9061 | Orc:1    | Reached **** piety under Okawaru
  9061 | Orc:1    | Reached skill level 5 in Invocations
  9061 | Orc:1    | Gained mutation: Your movements are less encumbered by armour. (ER -4) [demonic ancestry]
  9061 | Orc:1    | Reached XP level 11. HP: 84/84 MP: 11/14
  9183 | Orc:1    | Reached skill level 1 in Dodging
  9223 | Orc:1    | Noticed an ettin
  9319 | D:9      | Noticed Joseph
  9329 | D:9      | Killed Joseph
  9423 | D:9      | Noticed a two-headed ogre
  9440 | D:9      | Killed a two-headed ogre
  9448 | D:9      | Reached ***** piety under Okawaru
  9549 | D:9      | Found a burning altar of Makhleb.
  9551 | D:9      | Noticed an Executioner
  9680 | D:10     | Entered Level 10 of the Dungeon
  9727 | D:10     | Noticed Fannar
  9745 | D:10     | Killed Fannar
  9745 | D:10     | Received a gift from Okawaru
  9837 | D:10     | Reached skill level 10 in Axes
 10084 | D:10     | Noticed an unseen horror
 10093 | D:10     | Killed an unseen horror
 10142 | D:10     | Received a gift from Okawaru
 10214 | D:10     | Noticed Maurice
 10233 | D:10     | Killed Maurice
 10335 | D:10     | Reached XP level 12. HP: 93/93 MP: 17/17
 10424 | D:11     | Found a staircase to the Lair.
 10827 | D:11     | Noticed Harold
 10840 | D:11     | Killed Harold
 10942 | D:11     | Noticed a two-headed ogre
 10951 | D:11     | Killed a two-headed ogre
 11164 | Lair:1   | Entered Level 1 of the Lair of Beasts
 11232 | Lair:1   | Noticed a five-headed hydra
 11251 | Lair:1   | Killed a five-headed hydra
 11364 | Lair:1   | Noticed an eight-headed hydra
 11373 | Lair:1   | Killed an eight-headed hydra
 11474 | Lair:1   | Reached skill level 11 in Axes
 11608 | Lair:1   | Reached ****** piety under Okawaru
 11802 | Lair:1   | Received a gift from Okawaru
 12178 | Orc:1    | Noticed an ettin
 12187 | Orc:1    | Killed an ettin
 12255 | Orc:1    | Gained mutation: Your movements are significantly less encumbered by armour. (ER -6) [demonic ancestry]
 12255 | Orc:1    | Reached XP level 13. HP: 41/101 MP: 13/19
 12420 | Orc:1    | Noticed an ettin
 12428 | Orc:1    | Received a gift from Okawaru
 12429 | Orc:1    | Got a bloodstained broad axe {god gift}
 12430 | Orc:1    | Identified the +6 broad axe "Peteadd" {freeze, MR+ SInv Stlth-} (Okawaru gifted it to you on level 1 of the Orcish Mines)
 12433 | Orc:1    | Noticed a stone giant
 12435 | Orc:1    | Killed an ettin
 12448 | Orc:1    | Killed a stone giant
 12473 | Orc:1    | Got a polished dire flail
 12479 | Orc:1    | Got an ancient scythe
 12495 | Orc:1    | Identified the cursed +3 scythe of Ysad Hil {pain, rN++ MR++} (You found it on level 1 of the Orcish Mines)
 12596 | Orc:1    | Noticed Snorg
 12607 | Orc:1    | Killed Snorg
 12782 | Orc:1    | Reached skill level 5 in Dodging
 12938 | Orc:1    | Killed an ettin
 13001 | Orc:1    | Noticed an orc warlord
 13023 | Orc:1    | You fall through a shaft!
 13023 | Orc:2    | Entered Level 2 of the Orcish Mines
 13294 | Orc:2    | Received a gift from Okawaru
 13466 | Orc:1    | Killed an orc warlord
 13589 | Orc:1    | Reached skill level 12 in Axes
 13910 | Orc:2    | Found Karhoss's Armour Shoppe.
 13910 | Orc:2    | Found Nenwetosch's Armour Shop.
 13960 | Orc:2    | Found Udaitonk's Weapon Emporium.
 14049 | Orc:2    | Found Gexoez's Food Shoppe.
 14141 | Orc:2    | Found Ikyxawk's Antique Weapon Shop.
 14178 | Orc:2    | Found a staircase to the Elven Halls.
 14287 | Orc:2    | Found a roughly hewn altar of Beogh.
 14302 | Orc:2    | Found a bloodstained altar of Trog.
 14884 | Lair:2   | Reached skill level 10 in Fighting
 14974 | Lair:2   | Found a staircase to the Snake Pit.
 14995 | Lair:2   | Reached XP level 14. HP: 110/110 MP: 21/21
 15010 | Lair:2   | Found a staircase to the Swamp.
 15344 | Lair:3   | Reached skill level 10 in Invocations
 16146 | Lair:4   | Got a pair of faintly glowing gloves
 16162 | Lair:4   | Identified the +2 pair of gloves of Cheibriados's Whim {rN+ MR+ Regen+ Dex-5} (You found it on level 4 of the Lair of Beasts)
 16197 | Lair:4   | Received a gift from Okawaru
 16291 | Lair:4   | Noticed Sonja
 16474 | D:12     | Noticed Urug
 16489 | D:12     | Killed Urug
 16510 | D:12     | Found Voozxonere's Antique Armour Emporium.
 16564 | D:12     | Noticed Nessos
 16577 | D:12     | Killed Nessos
 16659 | D:12     | Noticed Azrael
 16681 | D:12     | Killed Azrael
 16752 | D:12     | Identified a scroll of acquirement
 17042 | D:12     | Identified the Volume of Lightness and Intoxication
 17153 | D:13     | Received a gift from Okawaru
 17419 | D:13     | Reached skill level 13 in Axes
 17628 | D:14     | Found a gate to the Vaults.
 17642 | D:14     | Reached skill level 10 in Shields
 18063 | D:14     | Reached XP level 15. HP: 107/117 MP: 21/23
 18182 | D:14     | Found Qetraotoad's Food Boutique.
 18212 | D:14     | Reached skill level 10 in Armour
 18504 | D:15     | Entered Level 15 of the Dungeon
 18849 | D:15     | Received a gift from Okawaru
 19008 | D:15     | Noticed Agnes
 19027 | D:15     | Killed Agnes
 19106 | D:15     | Found a staircase to the Depths.
 19506 | D:7      | Fell from the grace of Okawaru
 19506 | D:7      | Became a worshipper of Dithmenos the Shadowed
 19958 | Lair:5   | Reached skill level 1 in Stealth
 20383 | Lair:6   | Entered Level 6 of the Lair of Beasts
 20401 | Lair:6   | Reached * piety under Dithmenos
 20473 | Lair:6   | Noticed a frost giant
 20870 | Lair:6   | Reached ** piety under Dithmenos
 20870 | Lair:6   | Reached skill level 14 in Axes
 20912 | Lair:6   | Found a staircase to the Slime Pits.
 21254 | Lair:6   | Noticed a deep elf blademaster
 21254 | Lair:6   | Noticed a frost giant
 21298 | Lair:5   | Killed a deep elf blademaster
 21469 | Lair:4   | Noticed Rupert
 21494 | Lair:4   | Killed Rupert
 21500 | Lair:4   | Got a smoking scale mail
 21511 | Lair:4   | Identified the +6 scale mail of the Flute {rF+ Str+3 Dex+5} (You took it off Rupert on level 4 of the Lair of Beasts)
 21767 | Lair:6   | Killed a frost giant
 21949 | Lair:6   | Found a runed door.
 21995 | Lair:6   | Noticed a fire giant
 21995 | Lair:6   | Noticed a deep elf master archer
 21995 | Lair:6   | Noticed an orc warlord
 22189 | Lair:6   | Killed a deep elf master archer
 22303 | Lair:5   | Killed an orc warlord
 22602 | Lair:6   | Killed a frost giant
 22792 | Lair:6   | Killed a fire giant
 22868 | Lair:6   | Paralysed by a hornet for 2 turns
 22958 | Lair:6   | Paralysed by a hornet for 3 turns
 23038 | Lair:6   | Noticed a frost giant
 23214 | Lair:4   | Cast into level 1 of the Abyss (Sonja)
 23215 | Abyss:1  | Found a corrupted altar of Lugonu.
 23235 | Lair:4   | Escaped the Abyss
 23242 | Lair:4   | Killed Sonja
 23483 | Elf:1    | Entered Level 1 of the Elven Halls
 23505 | Elf:1    | Reached *** piety under Dithmenos
 23505 | Elf:1    | Reached XP level 16. HP: 121/126 MP: 22/24
 23634 | Orc:2    | Noticed a titan
 23985 | Orc:2    | Noticed a titan
 24171 | Elf:1    | Noticed a deep elf master archer
 24203 | Elf:1    | Got a pitted zirconium amulet
 24204 | Elf:1    | Identified the amulet "Kekeco" {Gourm rPois} (You acquired it on level 1 of the Elven Halls)
 24311 | Elf:1    | Noticed a titan
 24318 | Elf:1    | Killed a titan
 24328 | Elf:1    | HP: 4/127 [frost giant/bolt of cold[the fury of Okawaru] (19)]
 24568 | Elf:1    | Killed a deep elf master archer
 24583 | Elf:1    | Reached **** piety under Dithmenos
 25604 | Depths:1 | Entered Level 1 of the Depths
 25641 | Depths:1 | Noticed a deep elf blademaster
 25657 | D:15     | Killed a deep elf blademaster
 25829 | Depths:1 | Noticed a titan
 25874 | D:15     | Noticed a deep elf blademaster
 25892 | D:15     | Killed a deep elf blademaster
 26346 | Swamp:1  | Entered Level 1 of the Swamp
 26346 | Swamp:1  | Noticed Louise
 26379 | Swamp:1  | Killed Louise
 26790 | Swamp:2  | Reached skill level 5 in Stealth
 26795 | Swamp:2  | Noticed a titan
 26805 | Swamp:2  | Killed a titan
 26928 | Swamp:2  | Noticed a thorn hunter
 26937 | Swamp:2  | Killed a thorn hunter
 26937 | Swamp:2  | Reached skill level 15 in Axes
 27270 | Swamp:3  | Noticed a thorn hunter
 27271 | Swamp:3  | Reached ***** piety under Dithmenos
 27672 | Swamp:3  | Killed a thorn hunter
 28200 | Swamp:3  | Gained mutation: You have claws for hands. [demonic ancestry]
 28200 | Swamp:3  | Reached XP level 17. HP: 122/134 MP: 25/25
 28562 | Swamp:3  | Was forgiven by Okawaru
 28563 | Swamp:3  | Noticed a titan
 28678 | Swamp:4  | Entered Level 4 of the Swamp
 29115 | Swamp:4  | Noticed the 27-headed Lernaean hydra
 29476 | Swamp:1  | Gained mutation: Your system is resistant to poisons. (rPois) [potion of mutation]
 29476 | Swamp:1  | Gained mutation: You have a pair of small antennae on your head. [potion of mutation]
 29476 | Swamp:1  | Gained mutation: Your flesh is cold resistant. (rC+) [potion of mutation]
 29499 | Swamp:1  | Paralysed by a hornet for 3 turns
 30216 | Snake:1  | Entered Level 1 of the Snake Pit
 32363 | Snake:1  | Reached skill level 10 in Dodging
 32504 | Snake:2  | Noticed Vashnia
 32916 | D:15     | Killed a titan
 33783 | Depths:1 | Reached skill level 16 in Axes
 34099 | Depths:1 | Gained mutation: Your flesh is heat resistant. (rF+) [demonic ancestry]
 34099 | Depths:1 | Reached XP level 18. HP: 143/143 MP: 26/26
 34241 | Depths:1 | Found an opulent altar of Gozag.
 34243 | Depths:1 | Found a shimmering altar of Xom.
 34243 | Depths:1 | Found a bloodstained altar of Trog.
 34245 | Depths:1 | Found a glowing silver altar of Zin.
 34245 | Depths:1 | Found a stormy altar of Qazlal.
 34245 | Depths:1 | Found a snail-covered altar of Cheibriados.
 34374 | Depths:1 | Found a gateway to Hell.
 35159 | Depths:2 | Found a one-way gate leading to the halls of Pandemonium.
 35419 | Depths:2 | Reached ****** piety under Dithmenos
 35789 | Depths:2 | Found Xuinte Ginn's Gadget Boutique.
 35789 | Depths:2 | Found Kessuej's Jewellery Emporium.
 35790 | Depths:2 | Found Mumekhotz's Gadget Boutique.
 35803 | Depths:2 | Bought the amulet "Wujes" {Gourm MR- Str+9 Slay+2} for 721 gold pieces
 36464 | Depths:3 | Noticed Nikola
 36625 | Depths:3 | Noticed a lich
 36871 | Depths:3 | Cast into level 3 of the Abyss (a lich)
 36886 | Abyss:3  | Identified the Tome of Captivating Attacks
 36895 | Abyss:3  | Gained mutation: You do not regenerate when monsters are visible. [a neqoxec]
 36908 | Abyss:3  | Paralysed by accursed screaming for 1 turns
 37252 | Abyss:3  | Found a roughly hewn altar of Beogh.
 37312 | Abyss:3  | Noticed a profane servitor
 37371 | Abyss:3  | Paralysed by accursed screaming for 1 turns
 37391 | Depths:3 | Escaped the Abyss
 37406 | Depths:3 | Killed a lich
 37764 | Depths:2 | Lost mutation: Your flesh is cold resistant. (rC+) [potion of mutation]
 37764 | Depths:2 | Lost mutation: You do not regenerate when monsters are visible. [potion of mutation]
 37764 | Depths:2 | Lost mutation: Your system is resistant to poisons. (rPois) [potion of mutation]
 37764 | Depths:2 | Gained mutation: You are somewhat resistant to further mutation. [potion of mutation]
 37764 | Depths:2 | Gained mutation: You are clumsy. (Dex -2) [potion of mutation]
 37964 | Depths:3 | Reached XP level 19. HP: 111/153 MP: 23/27
 37977 | Depths:3 | Found a gateway to a ziggurat.
 38158 | Depths:3 | Noticed a golden dragon
 40873 | Swamp:4  | HP: 7/153 [the 19-headed Lernaean hydra (5)]
 40873 | Swamp:4  | Mangled by the 19-headed Lernaean hydra

Vault maps used:
D:1:      dpeg_arrival_line_fractal, st_stairs_13, hangedman_decor_growths
D:2:      nicolae_overflow_crystal_walls, lemuel_doored_altar, first_ration,
          uniq_jessica
D:3:      hex_intersection, minmay_bisected
D:4:      elyvilon_altar_1, kennysheep_mini_moat, minitemple, serial_shops,
          nicolae_shop_trees, nicolae_shop_competitors_out_of_business, shop,
          shop, kennysheep_mini
D:5:      gup_sewer_entry_bubbles
D:6:      enter_ossuary_3, uniq_eustachio
D:7:      temple_pool_b, nicolae_dithmenos_the_darkroom
D:8:      overflow_temple_1_default
D:9:      makhleb_altar_promises_db, david_orc_2, uniq_erolcha,
          uniq_prince_ribbit1, uniq_joseph
D:10:     uniq_maurice, uniq_fannar
D:11:     minmay_lair_entry_lava, uniq_harold
D:12:     serial_shops, shop, uniq_nessos, uniq_urug, uniq_azrael
D:14:     david_vaults_3, minmay_misc_feat_five, serial_shops, shop,
          hangedman_little_slice_of_home, einodemon_armed_red_devil_minivault
D:15:     grunt_enter_depths_snipers, nrook_mini_backslash, uniq_agnes
Temple:   zaba_magenta_temple
Lair:1:   beast_lair_carwin_9, grunt_megastairs_2
Lair:2:   minmay_swamp_entry_reptiles, dummy_snake_entry, serial_bayou_shore_a
Lair:4:   uniq_sonja, uniq_rupert
Lair:5:   lemuel_old_faithful
Lair:6:   hangedman_lair_tendril_chambers, wormcave,
          nicolae_slime_entry_slimehenge
Swamp:1:  nicolae_swamp_little_tower, uniq_louise
Swamp:2:  evilmike_swamp_ruin_house_2
Swamp:3:  evilmike_swamp_ruin_house_4, swamp_pool2,
          hangedman_swamp_double_dragon
Swamp:4:  swamp_old_school, infiniplex_staircase_pool_2
Snake:2:  special_room, serial_bayou_lagoon_a, uniq_vashnia
Orc:1:    giant_chief_lemuel, uniq_snorg
Orc:2:    st_orc_town, basic_altar, serial_shops, shop
Elf:1:    kennysheep_spiral_hall, hangedman_elf_represent, nrook_loot_triangle
Depths:1: lightli_too_deep, hangedman_decor_points, eino_tiny_chamber,
          doesnt_xom_only_xom, grunt_megastairs_4
Depths:2: lemuel_flame_loot_2, minmay_door_square, hell_entry, pan_entry,
          minmay_staircase_statues_hall_small, minmay_shop_grove
Depths:3: gammafunk_depths_water_palace, enter_ziggurat_d,
          hangedman_decor_lopped, grunt_hell_entry_dis_mu,
          rand_demon_pan_entry_7, corexii_hall_statues_l, uniq_nikola,
          uniq_frederick, uniq_saint_roka
Abyss:3:  evilmike_abyss_exit_2, evilmike_nicolae_abyss_rune_betentacled_crabyss
Sewer:    sewer_co_15_rooms
Ossuary:  ossuary_minmay_tomb_2a

Skill      XL: |  1  2  3  4  5  6  7  8  9 10 11 12 13 14 15 16 17 18 |
---------------+-------------------------------------------------------+-----
Axes           | 2 3 4 5 6 8 9 10 11 12 13 14 15 16 | 16.8
Armour         | 3 4 5 6 7 8 9 10 11 12 | 12.6
Shields        | 3 4 5 6 7 8 9 10 11 12 | 12.6
Fighting       | 4 5 6 7 8 9 10 11 12 13 14 | 14.5
Maces & Flails | 1 2 3 4 5 6 7 |  7.5
Invocations    | 2 5 6 8 9 11 | 11.8
Dodging        | 2 4 5 7 8 9 10 | 10.9
Stealth        | 3 5 7 8 |  8.6
Long Blades    | |  0.5

Action                   |  1- 3 |  4- 6 |  7- 9 | 10-12 | 13-15 | 16-18 | 19-21 || total
-------------------------+-------+-------+-------+-------+-------+-------+-------++-------
Melee: War axe           |    66 |    25 |       |       |       |       |       ||    91
       Flail             |       |    57 |   367 |   635 |    51 |    99 |       ||  1209
       Hand axe          |       |       |    28 |       |       |       |       ||    28
       Rapier            |       |       |    25 |       |       |       |       ||    25
       Broad axe         |       |       |       |       |  1336 |  1601 |    42 ||  2979
       Punch             |       |       |       |       |     3 |       |       ||     3
       Scimitar          |       |       |       |       |       |       |    52 ||    52
Invok: Heroism           |       |       |       |    16 |    27 |       |       ||    43
       Finesse           |       |       |       |       |     3 |       |       ||     3
       Shadow Form       |       |       |       |       |       |     1 |       ||     1
Evoke: Wand              |       |       |       |     3 |    12 |    27 |    15 ||    57
       Phantom mirror    |       |       |       |       |     1 |       |       ||     1
       Lamp of fire      |       |       |       |       |       |     5 |       ||     5
  Use: Potion            |     1 |     1 |       |     2 |     5 |    27 |     4 ||    40
       Scroll            |       |       |     5 |     1 |    19 |    16 |     6 ||    47
 Stab: Distracted        |       |       |     1 |       |       |     2 |       ||     3
       Sleeping          |       |       |       |       |       |     3 |       ||     3
  Eat: Chunk             |       |     4 |    14 |    19 |    38 |    54 |     4 ||   133
       Ration            |       |       |       |     1 |       |     2 |       ||     3
Armor: Scale mail        |    33 |    30 |   145 |    10 |    65 |   469 |   174 ||   926
       Ring mail         |       |       |       |   120 |   222 |       |       ||   342
       Skin              |       |       |       |     5 |       |       |       ||     5
Dodge: Dodged            |    18 |    24 |   117 |   183 |   723 |  1177 |   216 ||  2458
Block: Shield            |    37 |    36 |   213 |   309 |   768 |   844 |       ||  2207
       Large shield      |       |       |       |       |       |   639 |   237 ||   876
       Rpst.: Scimitar   |       |       |       |       |       |       |     6 ||     6

Table legend:
 A = Spawn XP
 B = Non-spawn XP
 C = Spawn XP percentage of total XP
 D = Spawn monster count
 E = Non-spawn monster count
 F = Spawn count percentage of total count
 G = Total turns spent on level
                    A         B        C        D         E        F      G
               +---------+---------+-------+---------+---------+-------+---------
         Total |    6928 |  380802 |   1.8 |      20 |    1173 |   1.7 | 40873
               +---------+---------+-------+---------+---------+-------+---------
           D:1 |       0 |       9 |   0.0 |       0 |       7 |   0.0 |   701
           D:2 |       0 |     230 |   0.0 |       0 |      27 |   0.0 |  1128
           D:3 |       0 |     308 |   0.0 |       0 |      16 |   0.0 |  1152
           D:4 |       0 |     773 |   0.0 |       0 |      27 |   0.0 |  1227
           D:5 |       0 |    1361 |   0.0 |       0 |      35 |   0.0 |  1431
           D:6 |       0 |     893 |   0.0 |       0 |      22 |   0.0 |  1004
           D:7 |       0 |    1748 |   0.0 |       0 |      25 |   0.0 |   744
           D:8 |       0 |    1761 |   0.0 |       0 |      16 |   0.0 |   811
           D:9 |       0 |    4913 |   0.0 |       0 |      32 |   0.0 |   899
          D:10 |       0 |    5269 |   0.0 |       0 |      27 |   0.0 |   881
          D:11 |       0 |    4444 |   0.0 |       0 |      38 |   0.0 |  1191
          D:12 |       0 |    8505 |   0.0 |       0 |      42 |   0.0 |   710
          D:13 |       0 |    9278 |   0.0 |       0 |      42 |   0.0 |   677
          D:14 |       0 |   16112 |   0.0 |       0 |      61 |   0.0 |   908
          D:15 |       0 |   14443 |   0.0 |       0 |      39 |   0.0 |  2072
        Lair:1 |       0 |    9444 |   0.0 |       0 |      34 |   0.0 |   997
        Lair:2 |       0 |    3880 |   0.0 |       0 |      14 |   0.0 |  1378
        Lair:3 |       0 |    3837 |   0.0 |       0 |      15 |   0.0 |   824
        Lair:4 |       0 |    9206 |   0.0 |       0 |      18 |   0.0 |   587
        Lair:5 |       0 |    5484 |   0.0 |       0 |      19 |   0.0 |  1377
        Lair:6 |       0 |   21272 |   0.0 |       0 |      75 |   0.0 |  1894
       Swamp:1 |       0 |   12612 |   0.0 |       0 |      43 |   0.0 |   980
       Swamp:2 |       0 |    6650 |   0.0 |       0 |      18 |   0.0 |  1307
       Swamp:3 |       0 |   21954 |   0.0 |       0 |      38 |   0.0 |  1605
       Swamp:4 |       0 |   20710 |   0.0 |       0 |      41 |   0.0 |  2184
       Snake:1 |       0 |   19145 |   0.0 |       0 |      38 |   0.0 |  1099
       Snake:2 |       0 |   11743 |   0.0 |       0 |      22 |   0.0 |   788
         Orc:1 |       0 |   20075 |   0.0 |       0 |      57 |   0.0 |  1942
         Orc:2 |       0 |   13058 |   0.0 |       0 |      68 |   0.0 |  1524
         Elf:1 |       0 |   27024 |   0.0 |       0 |      44 |   0.0 |  1222
      Depths:1 |       0 |   31045 |   0.0 |       0 |      40 |   0.0 |  1471
      Depths:2 |       0 |   37689 |   0.0 |       0 |      39 |   0.0 |  2256
      Depths:3 |       0 |   29217 |   0.0 |       0 |      38 |   0.0 |   755
       Abyss:3 |    6928 |    6086 |  53.2 |      20 |      22 |  47.6 |   520
         Sewer |       0 |     191 |   0.0 |       0 |      18 |   0.0 |   319
       Ossuary |       0 |     433 |   0.0 |       0 |      16 |   0.0 |   278
               +---------+---------+-------+---------+---------+-------+---------
